 Dungeon Crawl Stone Soup version 0.21.0-36-ge3e1d5aaab (webtiles) character file.

242 Jannitor the Skirmisher (level 5, -2/43 HPs)
             Began as a Mummy Chaos Knight on Jan 29, 2018.
             Slain by a scorpion (9 damage)
             ... on level 4 of the Dungeon.
             The game lasted 00:08:24 (6264 turns).

Jannitor the Skirmisher (Mummy Chaos Knight)        Turns: 6264, Time: 00:08:25

Health: -2/43      AC:  5    Str: 16    XL:     5   Next: 81%
Magic:  5/5        EV: 11    Int: 11    God:    Xom [....*.]
Gold:   279        SH:  0    Dex: 12    Spells: 4/4 levels left

rFire    x . .     SeeInvis .   a - +0 mace (chaos)
rCold    + . .     Gourm    .   (no shield)
rNeg     + + +     Faith    +   b - +2 leather armour
rPois    ∞         Spirit   .   (no helmet)
rElec    .         Reflect  .   (no cloak)
rCorr    .         Harm     .   (no gloves)
MR       .....     Rnd*Tele +   (no boots)
Stlth    +.........             i - amulet of faith
HPRegen  0.14/turn              l - ring of teleportation (curse)
MPRegen  0.09/turn              (no ring)

@: cleaving
A: no food or potions, fire vulnerability, cold resistance 1, negative energy
resistance 3, torment resistance, unbreathing
a: Renounce Religion


You were on level 4 of the Dungeon.
You worshipped Xom.
You were a beloved toy of Xom.
You were not hungry.

You visited 1 branch of the dungeon, and saw 5 of its levels.

You collected 279 gold pieces.

Inventory:

Hand Weapons
 a - a +0 mace of chaos (weapon)
Missiles
 e - 5 javelins of returning (quivered)
 f - 110 stones
Armour
 b - a +2 leather armour (worn)
 h - a +0 shield
Jewellery
 i - an amulet of faith (around neck)
 l - a cursed ring of teleportation (left hand)
Wands
 g - a wand of polymorph (14)
Scrolls
 d - 11 scrolls of identify
 j - a scroll of enchant weapon {unknown}
 k - a scroll of amnesia {unknown}
 m - a scroll of fog {unknown}


   Skills:
 + Level 4.6 Fighting
 + Level 3.7 Maces & Flails
 + Level 2.3 Throwing
 - Level 1.5 Armour
 - Level 0.7 Dodging


You had 4 spell levels left.
You didn't know any spells.

Dungeon Overview and Level Annotations

Branches:
Dungeon (5/15)
 Temple: D:4-7

Altars:
Ashenzari
Dithmenos
Elyvilon
Gozag
Hepliaklqana
Kikubaaqudgha
Sif Muna
Xom

Annotations:
D:5 Dowan, Duvessa


Innate Abilities, Weirdness & Mutations

You do not eat or drink.
Your flesh is vulnerable to fire.
You are immune to poison.
Your flesh is cold resistant. (rC+)
You are immune to negative energy. (rN+++)
You are immune to unholy pain and torment.
You can survive without breathing.


Message History

The scorpion is moderately wounded.
The scorpion stings you but does no damage.
The scorpion stings you.
You hit the scorpion.
You feel better.
The scorpion is heavily wounded.
The scorpion stings you but does no damage.
The scorpion stings you. Xom smiles on you.
Your +0 mace of chaos looks sharp.
The scorpion closely misses you.
You hit the scorpion.
Multicoloured lights dance before your eyes!
The scorpion is heavily wounded.
The scorpion stings you!
* * * LOW HITPOINT WARNING * * *
The scorpion stings you.
* * * LOW HITPOINT WARNING * * *
The scorpion stings you!
You die...
Xom howls with laughter!

### ###### ###.
...####.####.....#######
..... ..
........s..§§...%#_#.>..
....##.#
.....#@###..#####.#####
...?... ...
#........##...##.. (...#
# # #.###....#..#..#.#
#..[.#.# #..
.....#.###.#.# #......#
... ....##.###.#..
#...#..#
#.###..##..._#.##.
.......# #.# #..#_...
#[.'. #.#.#..# ..#
#..##... #.##. #.#...
#.# #.#..


You could see a scorpion (berserk).

Vanquished Creatures
  An iguana (D:2)
  A worker ant (D:4)
  An orc wizard (D:4)
  7 adders
  A gnoll (D:4)
  2 oozes
  2 worms
  5 dart slugs
  A leopard gecko (D:2)
  3 orcs
  A ball python (D:1)
  7 bats
  5 giant cockroaches
  4 goblins
  A hobgoblin (D:1)
  4 jackals (D:2)
  2 quokkas (D:2)
  7 frilled lizards
  8 kobolds
  16 rats
79 creatures vanquished.

Vanquished Creatures (collateral kills)
  A hobgoblin (D:3)
1 creature vanquished.

Vanquished Creatures (others)
  A quokka (D:2)
1 creature vanquished.

Grand Total: 81 creatures vanquished

Notes
Turn   | Place    | Note
-------+----------+-------------------------------------------
     0 | D:1      | Jannitor the Mummy Chaos Knight began the quest for the Orb.
     0 | D:1      | Reached XP level 1. HP: 18/18 MP: 1/1
    44 | D:1      | XOM: potion effect (heal wounds)
   183 | D:1      | Reached XP level 2. HP: 24/24 MP: 2/2
   346 | D:1      | XOM: silly message
   387 | D:1      | XOM: harmless Necr miscast
   611 | D:1      | Reached XP level 3. HP: 28/29 MP: 3/3
  1133 | D:2      | Reached skill level 1 in Throwing
  1258 | D:2      | XOM: harmless Pois miscast
  1303 | D:2      | Found an ancient bone altar of Kikubaaqudgha.
  1363 | D:2      | Reached XP level 4. HP: 32/37 MP: 4/4
  1445 | D:2      | Reached skill level 4 in Fighting
  1522 | D:2      | Found a white marble altar of Elyvilon.
  1725 | D:2      | XOM: scenery: 2 doors open
  1822 | D:2      | XOM: harmless Pois miscast
  1860 | D:2      | XOM is BORED!
  1860 | D:2      | XOM: noise
  1889 | D:2      | XOM: cloud trail
  2002 | D:2      | Reached XP level 5. HP: 42/42 MP: 5/5
  2141 | D:3      | Found a shattered altar of Ashenzari.
  2161 | D:3      | XOM: mild Pois miscast
  2496 | D:3      | XOM: god gift: 53 gold pieces
  2586 | D:3      | XOM: medium Necr miscast
  2671 | D:3      | XOM: cast spell 'Summon Mana Viper'
  3372 | D:3      | XOM: summons 1 hostile demon
  3436 | D:4      | XOM: god gift: 50 gold pieces
  3618 | D:4      | XOM is BORED!
  3618 | D:4      | XOM: medium Necr miscast
  3673 | D:4      | XOM: god gift: scroll labeled TINARI IQUHOTI {god gift}
  4290 | D:4      | XOM: cloud trail
  4727 | D:4      | XOM: god gift: 20 stones
  4741 | D:4      | XOM: god gift: tapered lead wand {god gift}
  4850 | D:4      | XOM: scenery: create altars
  5323 | D:4      | XOM: cloud trail
  5434 | D:4      | XOM: scenery: create altars
  5485 | D:4      | XOM: scenery: create altars
  5573 | D:4      | XOM: cloud trail
  5722 | D:4      | XOM: god gift: scroll labeled MAQUOL OTRITZ {god gift}
  6020 | D:4      | XOM: 1-stop teleportation journey
  6043 | D:4      | Found a deep blue altar of Sif Muna.
  6043 | D:4      | Found a shadowy altar of Dithmenos.
  6043 | D:4      | XOM: 1-stop teleportation journey
  6050 | D:4      | Found an opulent altar of Gozag.
  6050 | D:4      | XOM: cloud trail
  6054 | D:4      | Found a hazy altar of Hepliaklqana.
  6108 | D:4      | Found a shimmering altar of Xom.
  6108 | D:4      | XOM: medium Necr miscast
  6109 | D:4      | Noticed a shadow
  6109 | D:4      | Noticed a shadow
  6136 | D:5      | Entered Level 5 of the Dungeon
  6136 | D:5      | Noticed Duvessa
  6136 | D:5      | Noticed Dowan
  6254 | D:4      | XOM: smoke on damage
  6261 | D:4      | XOM: cleaving
  6264 | D:4      | Slain by a scorpion

Skill      XL: |  1  2  3  4  5 |
---------------+----------------+-----
Maces & Flails | 3 |  3.7
Throwing       | 1 2 |  2.3
Fighting       | 4 |  4.6
Armour         | |  1.5
Dodging        | |  0.7

Action                   |  1- 3 |  4- 6 || total
-------------------------+-------+-------++-------
Melee: Mace              |   116 |   102 ||   218
Throw: Stone             |    42 |       ||    42
       Tomahawk          |    10 |    24 ||    34
       Javelin           |     7 |    13 ||    20
  Use: Scroll            |       |     3 ||     3
 Stab: Sleeping          |     1 |     1 ||     2
       Paralysed         |       |     1 ||     1
Armor: Leather armour    |    37 |    37 ||    74
Dodge: Dodged            |    86 |    61 ||   147
